AoeStats
← AjarFan

Lombardia

507653635Analyzed
3v3 RM · 12d ago on Sep 19, 2026· 32m 2s· 6 players
Game mode
Random Map
Map size
Normal (6 player)
Population
200
Speed
Normal
Resources
Standard
Victory
Conquest
Starting age
Dark Age
Ending age
Imperial Age
RankedLock teamsTeams togetherTeam positionsShared explorationLock speedFull tech treeHidden civsTurbo modeCheats
Victory
Defeat
🇲🇽 Mongols · Mexico
1197
+17
🇲🇽 Saracens · Mexico
1155
+19
🇲🇽 Italians · Mexico
1137
+19
🇨🇱 Maya · Chile
1270
-20
🇦🇷 Wei · Argentina
1256
-20
🇺🇸 Lithuanians · United States
1124
-15
AjarFan
7:25 Loom
10:30 Feudal Age
11:21 Double-Bit Axe
19:05 Castle Age
17:19 Horse Collar
17:33 Fletching
19:18 Crossbowman
28:49 Bow Saw
29:26 Heavy Plow
31:05 Wheelbarrow
31:16 Gold Mining
31:43 Bodkin Arrow
[QW] Chopinwaffles
11:03 Feudal Age
14:51 Castle Age
13:21 Horse Collar
14:36 Double-Bit Axe
19:01 Loom
22:19 Padded Archer Armor
26:16 Husbandry
26:25 Heavy Plow
26:59 Bloodlines
27:30 Wheelbarrow
27:43 Town Watch
28:21 Forging
29:33 Gold Mining
Landshark
7:14 Loom
9:27 Feudal Age
10:59 Double-Bit Axe
10:57 Horse Collar
15:10 Town Watch
16:40 Forging
17:01 Scale Barding Armor
17:53 Wheelbarrow
21:33 Castle Age
20:27 Bloodlines
23:44 Husbandry
23:54 Husbandry
24:31 Bow Saw
26:58 Heavy Plow
[S93] Unkn0wn13
9:28 Loom
11:15 Feudal Age
17:37 Castle Age
16:03 Double-Bit Axe
16:06 Horse Collar
18:16 Forging
18:19 Bloodlines
19:06 Wheelbarrow
20:16 Scale Barding Armor
27:45 Elite Skirmisher
dansanti
0:40 Loom
9:58 Feudal Age
16:53 Double-Bit Axe
17:21 Fletching
25:31 Castle Age
26:00 Padded Archer Armor
26:59 Bow Saw
28:52 Crossbowman
30:51 Pikeman
PedroAOE
7:12 Loom
10:31 Feudal Age
12:34 Double-Bit Axe
15:42 Forging
18:41 Scale Barding Armor
19:26 Horse Collar
21:27 Wheelbarrow
22:55 Bloodlines
22:36 Fletching
25:58 Castle Age
27:22 Chain Barding Armor
27:37 Iron Casting
27:21 Bow Saw
29:44 Fletching
31:30 Elite Skirmisher
Connection lost

Rejoining the realm…

Still unreachable

The connection could not be restored.

Session expired

The server has moved on; the page needs a fresh start.